AoeStats
← Fs.Black_

African Clearing

505775401Analyzed
4v4 RM · 22d ago on Sep 11, 2026· 43m 2s· 8 players
Game mode
Random Map
Map size
Large (8 player)
Population
200
Speed
Normal
Resources
Standard
Victory
Conquest
Starting age
Dark Age
Ending age
Imperial Age
RankedLock teamsTeams togetherTeam positionsShared explorationLock speedFull tech treeHidden civsTurbo modeCheats
Victory
Defeat
🇦🇷 Bengalis · Argentina
1753
+13
🇵🇪 Berbers · Peru
1740
+13
🇺🇸 Celts · United States
1687
+16
🇦🇷 Romans · Argentina
1682
+16
🇨🇦 Inca · Canada
1772
-18
🇧🇷 Wu · Brazil
1694
-15
🇧🇷 Italians · Brazil
1639
-13
🇧🇷 Mongols · Brazil
1612
-12
_LZ_
13:12 Loom
14:57 Feudal Age
19:20 Castle Age
17:47 Double-Bit Axe
20:26 Horse Collar
25:34 Bow Saw
25:57 Heavy Plow
27:50 Wheelbarrow
27:19 Stone Mining
30:24 Gold Mining
33:59 Imperial Age
31:32 Scale Mail Armor
33:20 Hand Cart
33:54 Chain Mail Armor
35:55 Plate Mail Armor
35:39 Elite Woad Raider
39:19 Forging
39:12 Fletching
39:40 Masonry
42:02 Iron Casting
41:09 Capped Ram
42:39 Siege Ram
gyNNNNN
2:46 Loom
12:39 Feudal Age
16:57 Castle Age
14:44 Double-Bit Axe
16:07 Scale Barding Armor
17:20 Bloodlines
21:11 Town Watch
21:49 Husbandry
22:38 Horse Collar
25:41 Wheelbarrow
26:49 Chain Barding Armor
27:36 Forging
30:03 Hand Cart
29:39 Gold Mining
31:18 Devotion
31:21 Light Cavalry
38:19 Imperial Age
36:56 Iron Casting
37:29 Bow Saw
37:21 Heavy Plow
38:30 Caravan
39:01 Coinage
39:51 Plate Barding Armor
41:19 Blast Furnace
39:57 Elite Centurion
41:44 Crop Rotation
40:54 Capped Ram
42:09 Conscription
42:37 Fletching
[SotC] Klovn
12:06 Feudal Age
10:21 Loom
12:33 Double-Bit Axe
20:40 Castle Age
19:17 Horse Collar
22:10 Bow Saw
22:04 Heavy Plow
24:59 Stone Mining
26:45 Wheelbarrow
26:43 Town Watch
28:27 Hand Cart
30:04 Gold Mining
30:30 Fletching
30:40 Padded Archer Armor
33:11 Imperial Age
31:22 Gold Shaft Mining
31:47 Husbandry
32:45 Leather Archer Armor
32:26 Bodkin Arrow
33:09 Ballistics
32:51 Bodkin Arrow
34:18 Conscription
35:02 Chemistry
34:33 Bracer
34:37 Elite Elephant Archer
35:55 Bloodlines
37:26 Ring Archer Armor
37:47 Paiks
38:55 Siege Engineers
41:37 Two-Man Saw
42:07 Masonry
noru
13:22 Feudal Age
14:27 Loom
17:41 Castle Age
15:28 Double-Bit Axe
16:34 Horse Collar
19:12 Bow Saw
20:31 Fletching
25:25 Wheelbarrow
24:51 Heavy Plow
26:21 Bodkin Arrow
27:36 Ballistics
29:10 Hand Cart
29:23 Gold Mining
29:48 Stone Mining
30:26 Husbandry
31:16 Stone Shaft Mining
31:57 Gold Shaft Mining
36:11 Imperial Age
33:54 Scale Barding Armor
34:20 Forging
34:25 Bloodlines
36:25 Town Watch
36:29 Cavalier
37:14 Scale Mail Armor
37:34 Chain Barding Armor
37:55 Conscription
38:25 Iron Casting
39:37 Plate Barding Armor
40:21 Crop Rotation
41:21 Blast Furnace
41:15 Kasbah
Fs.BlinkAoE
10:13 Loom
13:09 Feudal Age
13:58 Horse Collar
18:18 Castle Age
16:25 Double-Bit Axe
16:42 Champi Runner
19:18 Wheelbarrow
19:56 Bow Saw
22:19 Sanctity
22:35 Redemption
23:18 Town Watch
29:36 Hand Cart
30:50 Stone Mining
34:57 Imperial Age
32:30 Gold Mining
32:41 Heavy Plow
32:56 Scale Mail Armor
34:02 Chain Mail Armor
35:37 Forging
36:03 Conscription
35:55 Masonry
36:41 Ballistics
36:58 Iron Casting
36:54 Plate Mail Armor
36:10 Champi Runner
37:05 Champi Warrior
37:45 Squires
38:47 Blast Furnace
41:06 Elite Champi Warrior
42:02 Fletching
Fs.Hitshangui
10:11 Loom
12:22 Feudal Age
17:10 Fletching
24:41 Castle Age
24:25 Double-Bit Axe
33:34 Gold Mining
34:25 Stone Mining
41:27 Bow Saw
42:19 Bodkin Arrow
Fs.Costinha
11:20 Loom
13:05 Feudal Age
14:22 Loom
15:23 Double-Bit Axe
18:02 Castle Age
22:10 Town Watch
22:18 Fletching
22:41 Horse Collar
24:52 Bodkin Arrow
27:32 Wheelbarrow
28:15 Padded Archer Armor
29:38 Leather Archer Armor
29:57 Bow Saw
31:08 Ballistics
30:51 Stone Mining
31:15 Husbandry
31:26 Bloodlines
36:36 Imperial Age
35:58 Nomads
36:09 Gold Mining
37:35 Bracer
39:11 Hand Cart
39:42 Elite Mangudai
41:39 Chemistry
41:32 Conscription
41:30 Thumb Ring
41:58 Parthian Tactics
Fs.Black_
6:25 Loom
12:21 Feudal Age
14:13 Double-Bit Axe
16:33 Castle Age
24:54 Town Watch
25:46 Wheelbarrow
25:09 Fletching
29:00 Bow Saw
29:15 Horse Collar
32:39 Imperial Age
30:41 Scale Mail Armor
31:29 Hand Cart
31:38 Chain Mail Armor
32:34 Arson
32:53 Squires
33:18 Forging
33:59 Plate Mail Armor
33:41 Arson
35:41 Iron Casting
37:01 Gold Mining
Connection lost

Rejoining the realm…

Still unreachable

The connection could not be restored.

Session expired

The server has moved on; the page needs a fresh start.